 Dungeon Crawl Stone Soup version 0.13-a0-3016-gcb2faac (webtiles) character file.

118 PolkaDot the Stinger (level 3, -1/24 HPs)
             Began as a Vampire Venom Mage on Sept 12, 2013.
             Slain by a hobgoblin (3 damage)
             ... on Level 2 of the Dungeon.
             The game lasted 00:07:29 (1828 turns).

PolkaDot the Stinger (Vampire Venom Mage)           Turns: 1828, Time: 00:07:29

HP  -1/24        AC  2     Str  7      XL: 3   Next: 66%
MP   2/6         EV 12     Int 21      God:
Gold 64          SH  0     Dex 14      Spells:  1 memorised,  3 levels left

Res.Fire  : . . .   See Invis. : +   m - +1,+0 dwarf dagger (curse)
Res.Cold  : + . .   Warding    : .   a - +0 robe
Life Prot.: + + .   Conserve   : .   (no shield)
Res.Poison: +       Res.Corr.  : .   (no helmet)
Res.Elec. : .       Clarity    : .   (no cloak)
Sust.Abil.: . .     Spirit.Shd : .   (no gloves)
Res.Mut.  : .       Stasis     : .   (no boots)
Res.Rott. : +       Flight     : .   (no amulet)
Saprovore : . . .                    f - +2 ring of intelligence
                                     d - cursed +1 ring of intelligence

@: regenerating slowly, slightly resistant to hostile enchantments, stealthy
A: fangs 3, see invisible, unbreathing
a: Bat Form


You were on level 2 of the Dungeon.
You were thirsty.

You visited 1 branch of the dungeon, and saw 2 of its levels.

You collected 44 gold pieces.

Inventory:

Hand weapons
 k - a +2,+2 elven short sword
 m - a cursed +1,+0 dwarven dagger (weapon)
 p - a +1,+2 elven dagger of draining (quivered)
Armour
 a - a +0 robe (worn)
 l - a +0 elven buckler
Magical devices
 q - a wand of slowing (14)
Scrolls
 e - a scroll of enchant armour {unknown}
 g - a scroll of noise {unknown}
 h - 4 scrolls of teleportation {unknown}
 i - a scroll of recharging {unknown}
 o - a scroll of identify {unknown}
Jewellery
 d - a cursed +1 ring of intelligence (left hand)
 f - a +2 ring of intelligence (right hand)
Potions
 c - a potion of blood
 n - 3 potions of curing {unknown}
Books
 b - a Young Poisoner's Handbook

   Spells                             Type                      Level
   *Sting                             Conjuration/Poison           1
   Cure Poison                        Poison                       2
   Mephitic Cloud                     Conjuration/Poison/Air       3
   Olgreb's Toxic Radiance            Poison                       4
   Venom Bolt                         Conjuration/Poison           5


   Skills:
 - Level 2.1 Dodging
 - Level 3.0 Stealth
 - Level 1.0 Spellcasting
 * Level 4.9 Poison Magic


You had 3 spell levels left.
You knew the following spells:

 Your Spells              Type           Power        Failure   Level  Hunger
a - Sting                 Conj/Pois      ##..         8%          1    ##.....


Dungeon Overview and Level Annotations

Branches:
Dungeon (2/27)

Altars:
Nemelex Xobeh
Jiyva


Innate Abilities, Weirdness & Mutations

You heal slowly.
You have razor-sharp teeth.*
You have supernaturally acute eyesight.
You can survive without breathing.*


Message History

The hobgoblin is severely wounded.
The hobgoblin completely misses you.
Casting: Sting
Confirm with . or Enter, or press ? or * to list all spells.
Aiming: Sting
Press: ? - help, Shift-Dir - straight line, f/p - hobgoblin
Aim: a hobgoblin (severely wounded, poisoned)
The sting hits the hobgoblin.
The hobgoblin is severely wounded.
The hobgoblin hits you.
* * * LOW HITPOINT WARNING * * *
Casting: Sting
Confirm with . or Enter, or press ? or * to list all spells.
Aiming: Sting
Press: ? - help, Shift-Dir - straight line, f/p - hobgoblin
Aim: a hobgoblin (severely wounded, poisoned)
The sting hits the hobgoblin.
The hobgoblin looks even sicker.
The hobgoblin is severely wounded.
The hobgoblin hits you.
You die...

##%# #.# ...#
#.# #### #.# ###
#.# #...#.##
#......#
#......########
####..........#
.......##@#8.8.#
########.g.<..#
###8.8.# #...#
####


You could see a hobgoblin.

Vanquished Creatures
  2 adders (D:2)
  4 oozes (D:2)
  3 giant cockroaches
  3 hobgoblins
  3 jackals (D:2)
  2 bats (D:2)
  2 giant newts
  4 goblins
  6 kobolds
  3 rats
32 creatures vanquished.

Notes
Turn   | Place    | Note
--------------------------------------------------------------
     0 | D:1      | PolkaDot, the Vampire Venom Mage, began the quest for the Orb.
     0 | D:1      | Reached XP level 1. HP: 13/13 MP: 4/4
   366 | D:1      | Reached skill level 4 in Poison Magic
   385 | D:1      | Reached XP level 2. HP: 19/19 MP: 2/5
   517 | D:1      | Found a sparkling altar of Nemelex Xobeh.
  1486 | D:2      | Reached XP level 3. HP: 13/24 MP: 0/6
  1570 | D:2      | Found a viscous altar of Jiyva.
  1828 | D:2      | Slain by a hobgoblin

Action                   || total
-------------------------++-------
Melee: Unarmed           ||    20
       Dagger            ||    44
       Short sword       ||     2
 Cast: Sting             ||    50
Evoke: Wand              ||     1
  Use: Potion            ||     1
 Stab: Sleeping          ||     3
